AoeStats
← polom.s1989

Fortress

509859799Analyzed
4v4 RM · 5d ago on Sep 28, 2026· 28m 32s· 8 players
Game mode
Random Map
Map size
Huge
Population
200
Speed
Normal
Resources
Standard
Victory
Conquest
Starting age
Dark Age
Ending age
Imperial Age
RankedLock teamsTeams togetherTeam positionsShared explorationLock speedFull tech treeHidden civsTurbo modeCheats
Victory
Defeat
🇹🇷 Bulgarians · Türkiye
1856
+6
🇧🇪 Teutons · Belgium
1759
+9
🇨🇳 Burgundians · China
1729
+10
🇹🇷 Berbers · Türkiye
1715
+10
🇹🇷 Tatars · Türkiye
1654
-11
🇦🇺 Mongols · Australia
1613
-9
🇫🇷 Muisca · France
1570
-8
🇨🇿 Portuguese · Czechia
1535
-7
III
4:01 Double-Bit Axe
7:08 Feudal Age
10:45 Castle Age
9:14 Horse Collar
10:14 Bow Saw
17:59 Wheelbarrow
17:11 Loom
17:36 Gold Mining
18:15 Scale Barding Armor
19:23 Chain Barding Armor
18:40 Cavalier
21:41 Gold Shaft Mining
23:02 Forging
24:52 Hand Cart
27:57 Imperial Age
26:33 Iron Casting
30:13 Imperial Age
27:51 Heavy Plow
28:27 Gold Shaft Mining
27:43 Stone Mining
Honda
6:54 Feudal Age
10:58 Castle Age
9:10 Double-Bit Axe
9:35 Horse Collar
18:30 Bow Saw
19:22 Wheelbarrow
18:52 Heavy Plow
19:04 Gold Mining
24:57 Imperial Age
22:28 Loom
22:59 Scale Mail Armor
23:09 Forging
22:45 Gambesons
23:01 Squires
22:46 Arson
23:49 Chain Mail Armor
24:27 Iron Casting
24:30 Gold Shaft Mining
26:12 Plate Mail Armor
26:43 Blast Furnace
27:08 Bagains
Chaos
8:26 Feudal Age
9:03 Double-Bit Axe
9:29 Horse Collar
12:01 Castle Age
14:07 Bow Saw
19:20 Wheelbarrow
19:59 Heavy Plow
20:34 Hand Cart
21:15 Gold Mining
21:18 Stone Mining
21:38 Loom
25:00 Imperial Age
23:30 Bloodlines
23:26 Scale Barding Armor
24:10 Chain Barding Armor
24:00 Forging
25:30 Iron Casting
26:48 Blast Furnace
26:54 Two-Man Saw
26:28 Crop Rotation
25:27 Cavalier
27:27 Plate Barding Armor
26:43 Town Watch
26:51 Paladin
28:24 Conscription
Apep
8:20 Feudal Age
9:14 Horse Collar
12:10 Castle Age
9:57 Double-Bit Axe
13:24 Bow Saw
15:14 Wheelbarrow
17:15 Gold Mining
19:24 Gold Shaft Mining
18:42 Stone Mining
23:31 Imperial Age
21:10 Fletching
22:31 Bodkin Arrow
23:31 Padded Archer Armor
24:12 Leather Archer Armor
24:17 Hand Cart
24:15 Bracer
25:20 Chemistry
25:36 Elite Camel Archer
Lil Fabrice
6:53 Feudal Age
10:55 Castle Age
10:11 Double-Bit Axe
10:09 Horse Collar
14:37 Wheelbarrow
16:42 Bow Saw
18:12 Hand Cart
19:23 Heavy Plow
19:21 Gold Mining
19:28 Stone Mining
21:17 Loom
24:53 Imperial Age
21:50 Champi Runner
23:01 Squires
23:02 Scale Mail Armor
23:26 Forging
23:27 Herbalism
23:20 Champi Warrior
24:41 Chain Mail Armor
25:57 Iron Casting
25:05 Elite Champi Warrior
polom.s1989
6:22 Loom
8:20 Feudal Age
10:34 Horse Collar
10:43 Double-Bit Axe
13:50 Castle Age
12:40 Stone Mining
14:37 Gold Mining
15:52 Wheelbarrow
20:15 Heavy Plow
ResonanceFreq
6:40 Feudal Age
10:17 Castle Age
8:29 Double-Bit Axe
8:42 Horse Collar
13:40 Loom
15:21 Town Watch
16:57 Wheelbarrow
17:15 Bow Saw
23:01 Imperial Age
20:54 Gold Mining
21:41 Hand Cart
21:54 Fletching
22:24 Padded Archer Armor
VirSpiritualis
6:52 Feudal Age
9:29 Horse Collar
11:49 Castle Age
9:39 Double-Bit Axe
12:50 Bow Saw
14:42 Heavy Plow
15:53 Wheelbarrow
17:38 Hand Cart
19:18 Gold Mining
24:26 Imperial Age
21:41 Loom
22:53 Gold Shaft Mining
22:20 Fletching
22:30 Padded Archer Armor
22:54 Bodkin Arrow
22:51 Stone Mining
24:35 Leather Archer Armor
Connection lost

Rejoining the realm…

Still unreachable

The connection could not be restored.

Session expired

The server has moved on; the page needs a fresh start.